 Dungeon Crawl Stone Soup version 0.28.0-43-g3370ac3207 (webtiles) character file.

Game seed: 4962836015383985301

4355 croobank the Cleaver (level 10, -2/90 HPs)
             Began as a Hill Orc Fighter on Mar 23, 2022.
             Was a Believer of Beogh.
             Slain by a wyvern (8 damage)
             ... on level 9 of the Dungeon.
             The game lasted 00:40:20 (11897 turns).

croobank the Cleaver (Hill Orc Fighter)            Turns: 11897, Time: 00:40:20

Health: -2/90      AC: 19    Str: 24    XL:     10   Next: 34%
Magic:  15/15      EV:  8    Int:  8    God:    Beogh [**....]
Gold:   1207       SH:  0    Dex: 10    Spells: 5/9 levels left

rFire   . . .      SeeInvis .   a - +8 battleaxe (freeze)
rCold   + . .      Faith    .   (shield currently unavailable)
rNeg    . . .      Spirit   .   h - +1 chain mail
rPois   .          Reflect  .   (no helmet)
rElec   .          Harm     .   (no cloak)
rCorr   .          Rampage  .   D - +2 pair of gloves
Will    .....                   (no boots)
Stlth   ..........              (no amulet)
HPRegen 0.25/turn               i - ring of protection from cold
MPRegen 0.14/turn               o - +4 ring of protection

@: lethally poisoned (-2 -> -23), marked
A: no striking features
a: Renounce Religion, Smiting


You were on level 9 of the Dungeon.
You worshipped Beogh.
Beogh was pleased with you.
You visited 1 branch of the dungeon, and saw 9 of its levels.
You also visited: Sewer.

You collected 1207 gold pieces.

Inventory:

Hand Weapons
 a - a +8 battleaxe of freezing (weapon)
 b - a +0 shortbow of freezing
 l - a +0 falchion
 m - a +0 falchion
 t - a +2 dagger of venom
 y - a +2 dire flail of freezing
 z - a +0 hunting sling
 J - a +3 trident of freezing
Missiles
 e - 303 stones
 f - 8 silver javelins
 p - 7 poisoned darts
 u - 134 arrows
 v - 94 bolts
 w - 49 sling bullets
 B - 3 curare-tipped darts
 H - 3 boomerangs
Armour
 c - a +0 buckler
 h - a +1 chain mail (worn)
 j - a +0 plate armour
 D - a +2 pair of gloves (worn)
Jewellery
 i - a ring of protection from cold (left hand)
 o - a +4 ring of protection (right hand)
 E - an amulet of guardian spirit
Wands
 k - a wand of iceblast (10) (quivered)
 G - a wand of digging (4)
Scrolls
 d - 2 scrolls of noise
 r - a scroll of teleportation
 s - 2 scrolls of identify
 x - a scroll of torment
 F - a scroll of fog
Potions
 g - 2 potions of magic
 n - 2 potions of invisibility
 q - 3 potions of mutation
 A - a potion of cancellation
 C - 2 potions of curing
 I - a potion of might


   Skills:
 + Level 8.8 Fighting
 + Level 8.9(9.2) Axes
 + Level 2.5(5.3) Maces & Flails
 + Level 8.0 Armour
 + Level 8.0 Shields
 + Level 7.8 Invocations


You had 5 spell levels left.
You knew the following spells:

 Your Spells              Type           Power      Damage    Failure   Level
a - Olgreb's Toxic Radia  Pois           0%         N/A       100%        4

Your spell library contained the following spells:

 Spells                   Type           Power      Damage    Failure   Level
 Sting                    Tmut/Pois      0%         1d3       95%         1
 Poisonous Vapours        Pois/Air       0%         N/A       98%         2


Dungeon Overview and Level Annotations

Branches:
Dungeon (9/15)             Temple (0/1) D:4           Sewer (visited)
   Lair: D:8-11         Orc: D:9-12

Altars:
Ashenzari
Dithmenos
Elyvilon
Hepliaklqana
Makhleb
Nemelex Xobeh
Ru
Sif Muna
Trog
The Shining One

Shops:
D:8 :   D:9 :

Annotations:
D:9 Harold, Maurice


Message History

The killer bee stings you but does no damage.
Found a scroll of noise.
You feel sick. The killer bee closely misses you.
You feel sick.
The killer bee stings you but does no damage. x2
You feel sick.
The killer bee stings you but does no damage. x2
You feel sick. The killer bee stings you.
You are more poisoned.
The killer bee poisons you! The killer bee stings you.
You are more poisoned.
The killer bee poisons you!
Harold grumbles, "Just give up already, I want to go home!"
You feel very sick. The killer bee stings you.
You are more poisoned.
The killer bee poisons you!
You feel very sick.
The killer bee stings you but does no damage. x2
Maurice the Thief comes into view.
He is wielding a +0 short sword, wearing a +2 cloak of willpower and carrying a wand of iceblast (4).
You feel very sick. The killer bee barely misses you. x3
You feel very sick. The killer bee stings you.
* * * LOW HITPOINT WARNING * * *
You are more poisoned.
The killer bee poisons you!
The killer bee stings you but does no damage. x2
The wyvern closely misses you.
There is a stone staircase leading down here.
* * * LOW HITPOINT WARNING * * *
You feel very sick. The killer bee stings you.
* * * LOW HITPOINT WARNING * * *
The killer bee stings you.
* * * LOW HITPOINT WARNING * * *
You are more poisoned.
The killer bee poisons you! The killer bee stings you.
* * * LOW HITPOINT WARNING * * *
The wyvern bites you!
You die...

#......#.........###
#.........@.........
#......#..[.......##
#...##.#o...........
#####.####.Z......##....
.#.........o.............
.....####..y........##?...
......@..yyo..........
....#####@y.........## ..
####.l...####### .
#8...8..## ###.......#
#8...<....# ###.........#
#8...∩...8..#
#..........## #..>...8.###


You could see Harold, Maurice, an orc warrior, a wyvern, 4 killer bees, 2 orcs
and a howler monkey zombie.

Vanquished Creatures
  Pikel (D:8)
  Prince Ribbit (D:9)
  A hornet (D:7)
  A shadow (D:9)
  Sigmund (D:6)
  A vampire (D:6)
  2 steam dragons (D:8)
  Eustachio (D:4)
  An orc warrior (D:7)
  A hornet zombie (D:9)
  3 necrophages
  2 centaurs
  An ogre (D:6)
  2 lemures (D:8)
  3 phantoms
  2 kobold brigands (Sewer)
  A gnoll sergeant (D:8)
  2 scorpions
  3 bullfrogs
  A water moccasin zombie (D:6)
  A water moccasin skeleton (D:5)
  3 wights (D:6)
  A howler monkey (D:7)
  A bullfrog zombie (D:5)
  A centaur zombie (D:6)
  2 orc priests
  4 hounds
  3 jellies
  A bullfrog skeleton (D:5)
  Jessica (D:2)
  4 iguanas
  3 orc wizards
  A howler monkey zombie (D:9)
  Robin (D:2)
  14 gnolls
  A river rat (Sewer)
  9 adders
  A shadow imp (D:5)
  5 white imps
  An ufetubus (D:4)
  7 worms
  4 dart slugs
  18 orcs
  5 endoplasms
  5 giant cockroaches
  14 goblins
  4 hobgoblins
  4 jackals
  17 kobolds
  4 quokkas (D:5)
  6 ball pythons
  2 frilled lizards
  3 rats
182 creatures vanquished.

Vanquished Creatures (others)
  An orc priest (D:4)
  3 orcs (D:4)
4 creatures vanquished.

Grand Total: 186 creatures vanquished

Notes
Turn   | Place    | Note
-------+----------+-------------------------------------------
     0 | D:1      | croobank the Hill Orc Fighter began the quest for the Orb.
     0 | D:1      | Reached XP level 1. HP: 19/19 MP: 1/1
   186 | D:1      | Reached XP level 2. HP: 22/27 MP: 2/2
   463 | D:1      | Found a faded altar of an unknown god.
   969 | D:2      | Noticed Robin
   971 | D:2      | Reached XP level 3. HP: 31/33 MP: 3/3
   994 | D:2      | Killed Robin
  1428 | D:2      | Noticed Jessica
  1438 | D:2      | Killed Jessica
  1439 | D:2      | Reached XP level 4. HP: 30/41 MP: 4/4
  2284 | D:3      | Reached XP level 5. HP: 38/47 MP: 5/5
  2841 | D:4      | Became a worshipper of Beogh the Brigand
  3039 | D:4      | Reached skill level 1 in Invocations
  3111 | D:4      | Found a hazy altar of Hepliaklqana.
  3148 | D:4      | Reached skill level 5 in Fighting
  3148 | D:4      | Reached XP level 6. HP: 31/56 MP: 5/7
  3298 | D:4      | Noticed a necrophage
  3338 | D:4      | Killed a necrophage
  3341 | D:4      | Reached skill level 5 in Axes
  3341 | D:4      | Reached XP level 7. HP: 32/61 MP: 8/8
  3781 | D:4      | Found a shimmering blue altar of Sif Muna.
  3826 | D:4      | Found a staircase to the Ecumenical Temple.
  3867 | D:4      | Noticed Eustachio
  3876 | D:4      | Reached skill level 5 in Armour
  3876 | D:4      | Reached skill level 5 in Shields
  3902 | D:4      | Killed Eustachio
  4178 | D:5      | Entered Level 5 of the Dungeon
  4191 | D:5      | Reached * piety under Beogh
  4255 | D:5      | Reached XP level 8. HP: 14/70 MP: 9/11
  4848 | D:5      | Found a glowing drain.
  4871 | Sewer    | Entered a sewer
  5784 | D:5      | Reached ** piety under Beogh
  6020 | D:5      | Reached skill level 5 in Invocations
  6707 | D:6      | Noticed Sigmund
  6717 | D:6      | Killed Sigmund
  6804 | D:6      | Reached XP level 9. HP: 68/79 MP: 13/13
  7102 | D:6      | Found a white marble altar of Elyvilon.
  8631 | D:6      | Identified a scroll of acquirement
  9787 | D:7      | Acquired 975 gold pieces
 10145 | D:7      | Noticed a hornet
 10147 | D:7      | Killed a hornet
 10398 | D:7      | Learned a level 4 spell: Olgreb's Toxic Radiance
 10656 | D:8      | Found Ruixzi's Book Shop.
 10932 | D:8      | Found a glowing golden altar of the Shining One.
 11200 | D:8      | Reached skill level 1 in Maces & Flails
 11200 | D:8      | Reached XP level 10. HP: 89/89 MP: 15/15
 11492 | D:8      | Found a burning altar of Makhleb.
 11492 | D:8      | Found a broken altar of Ashenzari.
 11492 | D:8      | Found a bloodstained altar of Trog.
 11492 | D:8      | Found a sparkling altar of Nemelex Xobeh.
 11493 | D:8      | Found a sacrificial altar of Ru.
 11497 | D:8      | Found a shadowy altar of Dithmenos.
 11622 | D:9      | Noticed Pikel
 11622 | D:9      | Found Yzixe's Book Emporium.
 11668 | D:8      | Killed Pikel
 11857 | D:9      | Noticed Prince Ribbit
 11863 | D:9      | Killed Prince Ribbit
 11879 | D:9      | Noticed Harold
 11894 | D:9      | Noticed Maurice
 11897 | D:9      | Slain by a wyvern

Illustrated notes

Levels and vault maps discovered:
D:1:      shiori_arrival_oz, layout_loops_ring,
          shapermc_ecumenical_altar_hornbeckon, minivault_5
D:2:      layout_loops_ring, serial_aquarium, aquarium_bridge_straight
          [aquarium_subvault_bridge, aquarium_subvault_balcony,
          aquarium_subvault_bridge, aquarium_subvault_wall], aquarium_window_1,
          aquarium_window_fake, aquarium_window_1, aquarium_view_4,
          aquarium_view_2c, aquarium_pool_side, uniq_robin, uniq_jessica
D:3:      layout_loops_cross
D:4:      layout_rooms, mainiacjoe_overflow_catwalk,
          nicolae_sif_muna_condensation, minmay_temple_entry_overgrown,
          uniq_eustachio
D:5:      layout_loops_ring, gup_sewer_entry_pipe
D:6:      layout_basic, elyvilon_altar_5, serial_co_window_serial,
          co_window_paths_a, co_window_of_opportunity_a, co_window_paths_a,
          co_window_of_opportunity_a, co_window_paths_b, co_window_corner_cb,
          co_window_unsneaky_path_e, co_window_corner_b, co_window_corner_b,
          co_window_unsneaky_path_d, co_window_4corner_a, co_window_4corner_b,
          glass_columns_a, minmay_small_thing, uniq_sigmund
D:7:      layout_loops_corners
D:8:      layout_basic, minitemple, serial_shops, nicolae_square_shop
D:9:      layout_rooms, serial_shops, nicolae_stop_n_shop_1, uniq_pikel,
          uniq_prince_ribbit1, uniq_harold, uniq_maurice

Skill      XL: |  1  2  3  4  5  6  7  8  9 10 |
---------------+-------------------------------+-----
Axes           | 3 4 5 7 8 |  8.9
Fighting       | 4 5 6 7 8 |  8.8
Shields        | 4 5 6 7 8 |  8.0
Armour         | 4 5 6 7 8 |  8.0
Invocations    | 1 2 4 5 7 |  7.8
Maces & Flails | 1 2 |  2.5

Action                   |  1- 3 |  4- 6 |  7- 9 | 10-12 || total
-------------------------+-------+-------+-------+-------++-------
Melee: War axe           |    71 |    94 |   402 |       ||   567
       Battleaxe         |       |       |    66 |    33 ||    99
 Fire: Hunting sling     |       |     4 |     2 |       ||     6
Throw: Dart              |     2 |       |       |       ||     2
       Stone             |     1 |       |       |       ||     1
       Throwing net      |       |       |     1 |       ||     1
Invok: Convert to Beogh  |       |     1 |       |       ||     1
       Smiting           |       |       |     4 |       ||     4
Evoke: Wand              |       |       |     3 |       ||     3
  Use: Potion            |     1 |     1 |    14 |       ||    16
       Scroll            |       |     2 |    14 |     2 ||    18
Armor: Scale mail        |    28 |    41 |    91 |       ||   160
       Skin              |       |       |     3 |       ||     3
       Chain mail        |       |       |   115 |    65 ||   180
Dodge: Dodged            |    36 |    43 |   177 |    46 ||   302
Block: Buckler           |    16 |    24 |    94 |       ||   134
